 Dungeon Crawl Stone Soup version 0.31-a0-303-gdc8c9485ea (webtiles) character file.

Game seed: 10670288673381254216

102 LeprechaunX the Changeling (level 4, 0/30 HPs)
             Began as an Octopode Shapeshifter on July 17, 2023.
             Slain by a gnoll
             ... wielding a +0 spear
              (6 damage)
             ... on level 3 of the Dungeon.
             The game lasted 00:02:11 (1896 turns).

LeprechaunX the Changeling (Octopode Shapeshifter)  Turns: 1896, Time: 00:02:12

Health: 0/30       AC:  1    Str: 16    XL:     4   Next: 78%
Magic:  4/4        EV: 13    Int: 10    God:
Gold:   125        SH:  0    Dex: 12    Spells: 3/3 levels left

rFire   . .          .
                       - Unarmed
rCold   . . .        (no shield)
rNeg    + . .        (helmet currently unavailable)
rPois   .            m - amulet of the acrobat
rElec   .            i - ring of willpower
rCorr   .            o - ring of positive energy
SInv    .            (no ring)
Will    +....        (no ring)
Stlth   ++           (no ring)
HPRegen 0.25/turn    (no ring)
MPRegen 0.09/turn    (no ring)
                     (no ring)

%: acrobat
@: beast-form
A: beast (slay +2), almost no armour, amphibious, 8 rings, camouflage 1,
gelatinous body 1, (nimble swimmer 1), tentacles
a: Begin Untransformation


You were on level 3 of the Dungeon.
You were a hulking beast.
You visited 1 branch of the dungeon, and saw 3 of its levels.

You collected 125 gold pieces.

Inventory:

Missiles
 q - 6 boomerangs (quivered)
Jewellery
 i - a ring of willpower (left tentacle)
 m - an amulet of the acrobat (around mantle)
 o - a ring of positive energy (right tentacle)
Talismans
 b - a beast talisman
Scrolls
 d - a scroll of blinking {unknown}
 e - a scroll of noise {unknown}
 h - a scroll of fog {unknown}
 j - 2 scrolls of identify {unknown}
 p - a scroll of teleportation {unknown}
 r - 2 scrolls of enchant weapon {unknown}
Potions
 a - 2 potions of lignification
 c - a potion of might {unknown}
 f - a potion of attraction {unknown}
 g - a potion of cancellation {unknown}
 k - a potion of brilliance {unknown}
 l - 2 potions of degeneration {unknown}
 n - a potion of curing {unknown}


   Skills:
 + Level 2.8 Fighting
 - Level 2.0 Dodging
 + Level 2.9 Unarmed Combat
 * Level 4.0 Shapeshifting


You had 3 spell levels left.
You didn't know any spells.
Your spell library contained the following spells:

 Spells                   Type           Power      Damage    Failure   Level
 Iskenderun's Battlesphe  Conj           0%         2d6       100%        5
 Leda's Unmaking          Conj/Erth      0%         9d1       100%        6
 Spellforged Servitor     Conj/Summ      0%         N/A       100%        7


Dungeon Overview and Level Annotations

Branches:
Dungeon (3/15)

Altars:

Shops:
D:1 *


Innate Abilities, Weirdness & Mutations

You are a hulking beast.
Your limbs bulge with bestial killing power. (Slay +2)
You cannot wear most types of armour.
You are amphibious.
You can wear up to eight rings at the same time.
Your skin changes colour to match your surroundings (Stealth+).
Your rubbery body absorbs attacks. (AC +1, EV +1)
((You are camouflaged when in or above water. (Stealth+)))
You have tentacles for arms and can constrict up to eight enemies at once.


Message History

The gnoll hits you with a +0 flail.
You see here a scroll labelled GIAMNAMECU.
The gnoll shouts!
You tentacle-slap the gnoll. You grab the gnoll.
The gnoll is moderately wounded.
You constrict the gnoll.
A dart slug comes into view.
The gnoll barely misses you.
You tentacle-slap the gnoll. You squeeze the gnoll.
You kill the gnoll!
You tentacle-slap the gnoll. You grab the gnoll. You squeeze the gnoll.
The gnoll is moderately wounded.
You constrict the gnoll. The gnoll misses you.
You tentacle-slap the gnoll but do no damage.
The gnoll is moderately wounded.
You constrict the gnoll. The gnoll misses you.
The gnoll hits you with a +0 club.
You tentacle-slap the gnoll.
The gnoll is heavily wounded.
You constrict the gnoll. The gnoll completely misses you.
The gnoll hits you from afar with a +0 spear.
You are too injured to fight recklessly!
You are too injured to fight recklessly!
You are too injured to fight recklessly!
You completely miss the gnoll.
The gnoll is severely wounded.
You constrict the gnoll. The gnoll closely misses you. The gnoll misses you.
You barely miss the gnoll. You squeeze the gnoll.
You kill the gnoll!
Your Shapeshifting skill increases to level 4!
The gnoll hits you with a +0 spear.
Things that are here:
a +0 club; a +0 flail You tentacle-slap the gnoll but do no damage.
Your grab misses the gnoll. Your squeeze misses the gnoll.
The gnoll hits you with a +0 spear!
* * * LOW HITPOINT WARNING * * *
You barely miss the gnoll. You grab the gnoll. You constrict the gnoll.
The gnoll hits you with a +0 spear.
You die...

### #.# #.. #.#
#..
#.##########..
#.##..........
###.##.#######..
# ......#### #..
#.#####.###)..#
#..
#wgh?.........#
#.#
#######.###...#
#.#
#.####.#####.#
#.............
######.......#
#########


You could see a gnoll and a dart slug.

Vanquished Creatures
  3 adders
  2 gnolls (D:3)
  A worm (D:2)
  A dart slug (D:2)
  3 bats
  7 endoplasms
  A giant cockroach (D:2)
  5 goblins
  8 hobgoblins
  2 kobolds (D:1)
  3 quokkas
  6 ball pythons
  2 frilled lizards (D:1)
  2 rats (D:1)
46 creatures vanquished.

Notes
Turn   | Place    | Note
-------+----------+-------------------------------------------
     0 | D:1      | LeprechaunX the Octopode Shapeshifter began the quest for
                  | the Orb.
     0 | D:1      | Reached XP level 1. HP: 14/14 MP: 1/1
   137 | D:1      | Reached XP level 2. HP: 19/19 MP: 2/2
   180 | D:1      | Found Ibuts's Assorted Antiques.
   729 | D:2      | Reached XP level 3. HP: 17/25 MP: 3/3
  1311 | D:2      | Reached XP level 4. HP: 22/30 MP: 4/4
  1894 | D:3      | Reached skill level 4 in Shapeshifting
  1896 | D:3      | Slain by a gnoll

Illustrated notes

Levels and vault maps discovered:
D:1:      dpeg_arrival_shelter, layout_loops_cross, serial_shops, shop
D:2:      layout_basic, grunt_ministairs_4
D:3:      layout_loops_ring, kennysheep_cross_room

Skill      XL: |  1  2  3  4 |
---------------+-------------+-----
Shapeshifting  | 4 |  4.0
Fighting       | |  2.8
Dodging        | |  2.0
Unarmed Combat | |  2.9

Action                     |  1- 3 |  4- 6 || total
---------------------------+-------+-------++-------
  Melee: Unarmed           |    55 |    33 ||    88
         Tentacles         |    11 |     7 ||    18
         Constrict         |    11 |     7 ||    18
         Punch             |       |     1 ||     1
   Stab: Sleeping          |     7 |     2 ||     9
 Armour: Skin              |     2 |     2 ||     4
  Dodge: Dodged            |    20 |    15 ||    35

Table legend: (Time is in decaauts)
 A = Elapsed time spent in this place.
 B = Non-inter-level travel time spent in this place.
 C = Inter-level travel time spent in this place.
 D = Time resting spent in this place.
 E = Time spent auto-exploring this place.
 F = Levels seen in this place.
 G = Mean time per level.
                   A        B        C        D        E       F      G
               +--------+--------+--------+--------+--------+-----+--------+
         Total |   1890 |   1770 |    120 |    180 |   1294 |   3 |  630.0 |
       Dungeon |   1890 |   1770 |    120 |    180 |   1294 |   3 |  630.0 |
               +--------+--------+--------+--------+--------+-----+--------+

Top non-repeatable levels by time:
     D:2: 1054 daAuts
     D:1: 688 daAuts
     D:3: 147 daAuts
